 Dungeon Crawl Stone Soup version 0.31.0-4-g52a2dc7128 (webtiles) character file.

Game seed: 13342685477781365648

116 hawla the Firebug (level 4, -2/24 HPs)
             Began as a Deep Elf Fire Elementalist on Jan 22, 2024.
             Slain by a sleepcap (11 damage)
             ... on level 3 of the Dungeon.
             The game lasted 00:05:34 (2271 turns).

hawla the Firebug (Deep Elf Fire Elementalist)      Turns: 2271, Time: 00:05:35

Health: -2/24      AC:  2    Str:  7    XL:     4   Next: 70%
Magic:  10/12      EV:  2    Int: 20    God:
Gold:   192        SH:  0    Dex: 15    Spells: 10/11 levels left

rFire   . . .        k - +4 dagger "Worm's Wrath" {freeze, Stlth+}
rCold   . . .        j - orb {*channel}
rNeg    . . .        a - +0 robe
rPois   .            (no helmet)
rElec   .            (no cloak)
rCorr   .            (no gloves)
SInv    .            (no boots)
Will    .....        n - amulet of reflection
Stlth   +++          (no ring)
HPRegen 0.24/turn    (no ring)
MPRegen 0.13/turn

%: reflection, channel magic (20%)
@: sleeping
A: no striking features
a: no special abilities


You were on level 3 of the Dungeon.
You visited 1 branch of the dungeon, and saw 3 of its levels.

You collected 192 gold pieces.

Inventory:

Hand Weapons
 k - the +4 dagger "Worm's Wrath" (weapon) {freeze, Stlth+}
   (You found it on level 2 of the Dungeon)

   Stlth+:    It makes you more stealthy.
Armour
 a - a +0 robe (worn)
 j - an orb of energy (worn)
Jewellery
 n - an amulet of reflection (around neck)
 r - a +6 ring of strength
Wands
 t - a wand of digging (4)
Scrolls
 d - a scroll of revelation
 e - a scroll of fear {unknown}
 f - a scroll of poison {unknown}
 h - a scroll of teleportation {unknown}
 i - a scroll of noise {unknown}
 m - a scroll of amnesia {unknown}
 s - a scroll of enchant weapon {unknown}
Potions
 b - a potion of magic
 c - a potion of cancellation {unknown}
 g - 2 potions of enlightenment
 l - 2 potions of invisibility
 o - a potion of haste
 p - a potion of curing
 q - a potion of brilliance


   Skills:
 + Level 1.9 Short Blades
 - Level 2.7 Dodging
 - Level 2.7 Stealth
 - Level 4.0 Spellcasting
 - Level 2.5 Conjurations
 - Level 4.2 Fire Magic


You had 10 spell levels left.
You knew the following spells:

 Your Spells              Type           Power      Damage    Failure   Level
a - Foxfire               Conj/Fire      68%        2x1d7     11%         1

Your spell library contained the following spells:

 Spells                   Type           Power      Damage    Failure   Level
 Scorch                   Fire           40%        2d6       12%         2
 Inner Flame              Hex/Fire       12%        N/A       34%         3
 Volatile Blastmotes      Fire/Tloc      24%        2d12      34%         3
 Flame Wave               Conj/Fire      17%        2d7       54%         4


Dungeon Overview and Level Annotations

Branches:
Dungeon (3/15)

Altars:
Sif Muna

Annotations:
D:3 2 transporters


Message History

You are very lightly contaminated with residual magic.
Nothing appears to happen.
Magical energy flows into your mind!
Casting: Foxfire (safe; 11% risk of failure)
Confirm with . or Enter, or press ? or * to list all spells.
You conjure some foxfire!
The sleepcap releases spores at you.
Casting: Foxfire (safe; 11% risk of failure)
Confirm with . or Enter, or press ? or * to list all spells.
You conjure some foxfire!
The foxfire hits the sleepcap.
The sleepcap is lightly damaged.
The foxfire hits the sleepcap but does no damage.
The sleepcap is lightly damaged.
The sleepcap misses you.
You hit the sleepcap but do no damage.
The sleepcap is lightly damaged.
The foxfire hits the sleepcap but does no damage.
The sleepcap is lightly damaged.
The foxfire hits the sleepcap.
The sleepcap is moderately damaged.
The sleepcap closely misses you.
You completely miss the sleepcap.
The sleepcap is moderately damaged.
The sleepcap releases spores at you!
You hit the sleepcap but do no damage.
The sleepcap is moderately damaged.
The sleepcap closely misses you.
You hit the sleepcap. You freeze the sleepcap.
The sleepcap is heavily damaged.
The sleepcap barely misses you.
Casting: Foxfire (safe; 11% risk of failure)
Confirm with . or Enter, or press ? or * to list all spells.
You conjure some foxfire!
The sleepcap releases spores at you!
You are engulfed in a cloud of soporific spores!
You fall asleep.
Your magical contamination has completely faded away.
The foxfire hits the sleepcap.
The sleepcap is severely damaged.
The foxfire hits the sleepcap but does no damage.
The sleepcap is severely damaged.
The sleepcap releases spores at you!
You die...

*,,,* *******,*,*,,,,,,,,,
*,,,* #....#*,*,#.#*,,,,,,
*,,,****#....##.#,..#*..#***
#....,,,+....##.#*#.##..#8P#
#...#***#....##.# #..#..#..#
#...##**#....##.# #....©#©/+
*....,,,+....##.# #.#...#..#
*#..#***#..f.##.# #.#.#.#8P#
#..# #..@.##.# #.#.#.####
#..######'####.###.#.#.....
#####..........................
#......................########
#####.#######.########.# #.#
#.......# ### #.# #.......# #.#
#.......# #.# #.......#


You could see a sleepcap.

Vanquished Creatures
  Natasha (D:2)
  4 adders (D:2)
  A ribbon worm (D:2)
  A dart slug (D:2)
  An orc (D:3)
  3 ball pythons
  2 endoplasms (D:1)
  2 giant cockroaches (D:1)
  3 goblins
  7 hobgoblins
  4 jackals (D:3)
  6 kobolds
  3 quokkas
  4 bats
  2 frilled lizards (D:1)
  2 rats
46 creatures vanquished.

Vanquished Creatures (others)
  81 foxfires
81 creatures vanquished.

Grand Total: 127 creatures vanquished

Notes
Turn   | Place    | Note
-------+----------+-------------------------------------------
     0 | D:1      | hawla the Deep Elf Fire Elementalist began the quest for
                  | the Orb.
     0 | D:1      | Reached XP level 1. HP: 10/10 MP: 6/6
   176 | D:1      | Reached XP level 2. HP: 15/15 MP: 5/8
   588 | D:1      | Found a faded altar of an unknown god.
   954 | D:1      | Reached XP level 3. HP: 19/19 MP: 8/10
  1195 | D:2      | Identified the +4 dagger "Worm's Wrath" {freeze, Stlth+}
  1684 | D:2      | Reached XP level 4. HP: 20/24 MP: 12/12
  1704 | D:2      | Noticed Natasha
  1710 | D:2      | Killed Natasha
  1711 | D:2      | Reached skill level 1 in Short Blades
  2042 | D:3      | Found a shimmering blue altar of Sif Muna.
  2157 | D:3      | Found a transporter.
  2190 | D:3      | Found a transporter.
  2271 | D:3      | Slain by a sleepcap

Illustrated notes

Levels and vault maps discovered:
D:1:      lemuel_arrival_hallway, layout_loops_corners, basic_ecumenical_altar
D:2:      layout_loops_ring, uniq_natasha
D:3:      gammafunk_steamed_eel, layout_basic,
          mainiacjoe_overflow_surrounded_room

Skill      XL: |  1  2  3  4 |
---------------+-------------+-----
Conjurations   | 2 |  2.5
Spellcasting   | 4 |  4.0
Short Blades   | 1 |  1.9
Fire Magic     | 4 |  4.2
Dodging        | |  2.7
Stealth        | |  2.7

Action                     |  1- 3 |  4- 6 || total
---------------------------+-------+-------++-------
  Melee: Unarmed           |     8 |       ||     8
         Punch             |     1 |       ||     1
         Dagger            |    18 |    35 ||    53
   Cast: Foxfire           |    39 |     8 ||    47
    Use: Scroll            |       |     6 ||     6
   Stab: Sleeping          |     2 |     2 ||     4
 Armour: Robe              |    27 |    26 ||    53
  Dodge: Dodged            |    29 |    32 ||    61
